 Dungeon Crawl Stone Soup version 0.31-a0-1068-g5939ac1fb6 (webtiles) character file.

Game seed: 11039032636957844332

451 kae the Vexing (level 6, 0/44 HPs)
             Began as a Demonspawn Enchanter on Nov 23, 2023.
             Was an Initiate of Dithmenos.
             Slain by Duvessa
             ... wielding a +0 short sword
              (9 damage)
             ... on level 4 of the Dungeon.
             The game lasted 00:03:18 (3658 turns).

kae the Vexing (Demonspawn Enchanter)               Turns: 3658, Time: 00:03:19

Health: 0/44       AC:  4    Str: 10    XL:     6   Next: 75%
Magic:  3/10       EV: 12    Int: 16    God:    Dithmenos [......]
Gold:   60         SH:  0    Dex: 14    Spells: 2/10 levels left

rFire   . . .        a - +1 dagger
rCold   + . .        (no shield)
rNeg    . . .        b - +0 robe
rPois   .            (no helmet)
rElec   .            (no cloak)
rCorr   .            (no gloves)
SInv    .            (no boots)
Will    .....        (no amulet)
Stlth   ++           C - ring of protection from cold
HPRegen 0.27/turn    (no ring)
MPRegen 0.12/turn

%: no passive effects
@: confusing by touch, very slightly contaminated
A: sharp scales 2, demonic magic 3
a: Renounce Religion


You were on level 4 of the Dungeon.
You worshipped Dithmenos.
Dithmenos was noncommittal.
You visited 2 branches of the dungeon, and saw 5 of its levels.

You collected 151 gold pieces.
You spent 91 gold pieces at shops.


Innate Abilities, Weirdness & Mutations

You are mostly covered in razor-sharp scales. (AC +2, Slay +2)
Spells you cast and wands you use may paralyse nearby enemies.


   Skills:
 + Level 2.3 Fighting
 * Level 3.3 Short Blades
 + Level 2.8 Dodging
 + Level 3.6 Stealth
 + Level 2.9 Spellcasting
 + Level 3.8 Hexes
 + Level 1.6 Ice Magic


You had 2 spell levels left.
You knew the following spells:

 Your Spells              Type           Power      Damage    Failure   Level
a - Ensorcelled Hibernat  Hex/Ice        22%        N/A       10%         2
b - Confusing Touch       Hex            14%        N/A       12%         3
c - Tukima's Dance        Hex            14%        N/A       12%         3

Your spell library contained the following spells:

 Spells                   Type           Power      Damage    Failure   Level
 Shock                    Conj/Air       8%         1d3       19%         1
 Sting                    Tmut/Pois      8%         1d3       19%         1
 Poisonous Vapours        Pois/Air       4%         N/A       28%         2
 Dazzling Flash           Conj/Hex       16%        N/A       26%         3
 Ozocubu's Armour         Ice            7%         N/A       28%         3
 Gell's Gravitas          Tloc           2%         N/A       50%         3
 Swiftness                Air            2%         N/A       50%         3
 Teleport Other           Tloc           2%         N/A       50%         3
 Airstrike                Air            1%         2d(1-17)  88%         4
 Olgreb's Toxic Radiance  Pois           2%         N/A       88%         4
 Dispersal                Tloc           1%         N/A       100%        6
 Ozocubu's Refrigeration  Ice            3%         4d8       100%        7

Inventory:

Hand Weapons
 a - a +1 dagger (weapon)
Missiles
 e - 29 stones
 g - 2 curare-tipped darts {=f}
 l - 6 boomerangs
Armour
 b - a +0 robe (worn)
Magical Staves
 d - a staff of air {!a}
   (You found it on level 1 of the Dungeon)
Jewellery
 C - a ring of protection from cold (left hand)
   (You found it on level 1 of the Dungeon)
Scrolls
 f - 3 scrolls of teleportation {@r4}
 i - a scroll of brand weapon
 m - 3 scrolls of identify {@r1}
Potions
 c - a potion of invisibility
 h - 2 potions of curing {@q1}
 j - a potion of heal wounds {@q2}
 k - a potion of brilliance
 n - a potion of degeneration {!q}

Dungeon Overview and Level Annotations

Branches:
Dungeon (4/15) Zot: 20362  Temple (1/1) D:4 Zot: 5998

Altars:
Dithmenos
Kikubaaqudgha
Makhleb
Ru
Sif Muna
Trog
Vehumet
Wu Jian

Shops:
D:3 *

Annotations:
D:4 Duvessa ##...## #.# ##.## #.# #. #.# #. #.# ### #.# .eg

#.# .. #.#
#.############.#
#........e@...)#
################


You could see Duvessa.


Message History

The scorpion attacks as it pursues you! The scorpion closely misses you.
Casting: Ensorcelled Hibernation (safe; 10% risk of failure)
Confirm with . or Enter, or press ? or * to list all spells.
Aiming: Ensorcelled Hibernation (safe; 10% risk of failure)
Press: ? - help, Shift-Dir - straight line, f - scorpion
Aim: a scorpion (chance to affect: 44%)
The scorpion looks drowsy...
Malevolent energies surge around you. 😎 MP[-2]
You lost 2 mp, and now have 6/10 mp.
The helpless scorpion fails to defend itself.
You impale the scorpion!!
You kill the scorpion!
Dithmenos accepts your kill.
m - 3 scrolls of identify {@r1} (gained 1)
You see here a +0 leather armour.
You now have 50 gold pieces (gained 15).
Key pressed, stopping explore.
You see here a +0 war axe.
You now have 60 gold pieces (gained 10).
Duvessa and a goblin come into view.
Duvessa shouts!
You hear a shout!
The goblin shouts! 😎 MP[+4]
Your mp is fully restored (10).
Unknown command.
You closely miss the goblin. You hit the goblin.
You kill the goblin!
Dithmenos accepts your kill.
You hit Duvessa but do no damage.
Duvessa hits you with a +0 short sword. 😕 HP[-2]
You take 2 damage, and now have 42/44 hp.
Casting: Ensorcelled Hibernation (safe; 10% risk of failure)
Confirm with . or Enter, or press ? or * to list all spells.
Aiming: Ensorcelled Hibernation (safe; 10% risk of failure)
Press: ? - help, Shift-Dir - straight line, f - Duvessa
Aim: Duvessa, wielding a +0 short sword and wearing a +0 ring mail (chance to affect: 28%) Duvessa easily resists.
Malevolent energies surge around you.
Duvessa suddenly stops moving! 😕 MP[-2]
You lost 2 mp, and now have 8/10 mp.
The helpless Duvessa fails to defend herself.
You puncture Duvessa! 😕 HP[+1]
The helpless Duvessa fails to defend herself.
You impale Duvessa!!
Duvessa is no longer paralysed.
Duvessa hits you with a +0 short sword! 😮 HP[-10]
You take 10 damage, and now have 33/44 hp.
MASSIVE DAMAGE!! (PAUSE)
You hit Duvessa but do no damage. You barely miss Duvessa.
Duvessa hits you with a +0 short sword. 😮 HP[-5]
You take 5 damage, and now have 28/44 hp.
Unknown command.
You hit Duvessa but do no damage.
Duvessa hits you with a +0 short sword. 😮 HP[-5]
You take 5 damage, and now have 23/44 hp.
Casting: Ensorcelled Hibernation (safe; 10% risk of failure)
Confirm with . or Enter, or press ? or * to list all spells.
You miscast Confusing Touch.
You are very lightly contaminated with residual magic.
Nothing appears to happen.
Duvessa hits you with a +0 short sword.
* * * LOW HITPOINT WARNING * * *
😨 HP[-3] MP[-3]
You take 3 damage, and now have 20/44 hp.
You lost 3 mp, and now have 5/10 mp.
You hit Duvessa but do no damage. Duvessa hits you with a +0 short sword.
* * * LOW HITPOINT WARNING * * *
😨 HP[-6]
You take 6 damage, and now have 14/44 hp.
Unknown command.
You hit Duvessa. Duvessa hits you with a +0 short sword!
* * * LOW HITPOINT WARNING * * *
😱 HP[-7]
You take 7 damage, and now have 7/44 hp.
Unknown command.
You aren't carrying any items that you can evoke.
Unknown command.
You feel much better.
Duvessa says, "My weaknesses are his strengths!"
Duvessa hits you but does no damage. 😮 HP[+24] MP[+1]
You regained 24 hp, and now have 31/44 hp.
Casting: Confusing Touch (dangerous; 12% risk of failure)
Confirm with . or Enter, or press ? or * to list all spells.
Your hands begin to glow red.
Malevolent energies surge around you. Duvessa hits you with a +0 short sword.
Duvessa hits you with a +0 short sword!
* * * LOW HITPOINT WARNING * * *
😨 HP[-13] MP[-3]
You take 13 damage, and now have 18/44 hp.
MASSIVE DAMAGE!! (PAUSE)
You lost 3 mp, and now have 3/10 mp.
You hit Duvessa but do no damage. Duvessa hits you with a +0 short sword!
* * * LOW HITPOINT WARNING * * *
😱 HP[-10]
You take 10 damage, and now have 8/44 hp.
MASSIVE DAMAGE!! (PAUSE)
You hit Duvessa but do no damage. Duvessa hits you with a +0 short sword!
You die...

Skill      XL: |  1  2  3  4  5 |
---------------+----------------+-----
Short Blades   | 1 2 3 |  3.3
Dodging        | 2 |  2.8
Fighting       | 1 2 |  2.3
Stealth        | 3 |  3.6
Ice Magic      | 1 |  1.6
Spellcasting   | |  2.9
Hexes          | |  3.8

Action                     |  1- 3 |  4- 6 || total
---------------------------+-------+-------++-------
  Melee: Dagger            |   127 |    94 ||   221
         Punch             |     3 |       ||     3
   Cast: Ensorcelled Hiber |    12 |    13 ||    25
         Confusing Touch   |       |     2 ||     2
    Use: Scroll            |     3 |     3 ||     6
         Potion            |       |     3 ||     3
   Stab: Sleeping          |    13 |     8 ||    21
         Paralysed         |     4 |     7 ||    11
         Confused          |       |     2 ||     2
         Invisible         |       |     1 ||     1
 Armour: Robe              |    51 |    52 ||   103
  Dodge: Dodged            |    73 |    35 ||   108

Levels and vault maps discovered:
D:1:      dpeg_arrival_long_road, layout_basic
D:2:      layout_loops_corners
D:3:      cheibrodos_old_hovel, layout_basic,
          mainiacjoe_overflow_surrounded_room, led_sif_pool,
          nicolae_dithmenos_shadow_blocks, serial_shops,
          nicolae_shop_back_alley_shop, uniq_grinder, uniq_terence
D:4:      layout_loops_ring, mainiacjoe_overflow_catwalk,
          minmay_temple_entry_mist, uniq_duvessa
Temple:   nicolae_temple_bog_church

Notes
Turn   | Place    | Note
-------+----------+-------------------------------------------
     0 | D:1      | kae the Demonspawn Enchanter began the quest for the Orb.
     0 | D:1      | Reached XP level 1. HP: 13/13 MP: 3/3
     0 | D:1      | magus.rc [v1.11.3]
    30 | D:1      | Reached skill level 1 in Short Blades
   315 | D:1      | Gained mutation: Spells you cast may paralyse adjacent
                  | enemies. [demonic ancestry]
   315 | D:1      | Reached XP level 2. HP: 20/20 MP: 5/5
   356 | D:1      | Learned a level 2 spell: Ensorcelled Hibernation
   562 | D:1      | Reached skill level 2 in Dodging
   769 | D:1      | Gained mutation: Spells you cast may paralyse nearby
                  | enemies. [demonic ancestry]
   769 | D:1      | Reached XP level 3. HP: 10/25 MP: 3/6
  1263 | D:2      | You add the spells Sting, Poisonous Vapours and Olgreb's
                  | Toxic Radiance to your library.
  1384 | D:2      | Reached skill level 2 in Short Blades
  1389 | D:2      | You add the spells Gell's Gravitas, Teleport Other and
                  | Dispersal to your library.
  1445 | D:2      | Reached skill level 1 in Fighting
  1775 | D:2      | Reached skill level 3 in Stealth
  1775 | D:2      | Gained mutation: You are partially covered in razor-sharp
                  | scales. (AC +1, Slay +1) [demonic ancestry]
  1775 | D:2      | Reached XP level 4. HP: 20/32 MP: 0/7
  2081 | D:2      | You add the spells Ozocubu's Armour and Ozocubu's
                  | Refrigeration to your library.
  2440 | D:3      | Learned a level 3 spell: Confusing Touch
  2482 | D:3      | Found a burning altar of Makhleb.
  2520 | D:3      | Noticed a scorpion
  2522 | D:3      | Killed a scorpion
  2523 | D:3      | Reached skill level 1 in Ice Magic
  2523 | D:3      | Gained mutation: You are mostly covered in razor-sharp
                  | scales. (AC +2, Slay +2) [demonic ancestry]
  2523 | D:3      | Reached XP level 5. HP: 37/37 MP: 8/8
  2539 | D:3      | Found a shimmering blue altar of Sif Muna.
  2629 | D:3      | Noticed Terence
  2653 | D:3      | HP: 8/37 [Terence/+0 falchion (9)]
  2656 | D:3      | Killed Terence
  2942 | D:3      | Found Vufaemn's General Store.
  2946 | D:3      | Bought a potion of curing for 39 gold pieces
  2946 | D:3      | Bought a potion of degeneration for 13 gold pieces
  2946 | D:3      | Bought a scroll of teleportation for 39 gold pieces
  3033 | D:3      | Found a shadowy altar of Dithmenos.
  3034 | D:3      | Noticed Grinder
  3056 | D:3      | Killed Grinder
  3056 | D:3      | HP: 8/38 [orc/+0 club (5)]
  3057 | D:3      | Reached skill level 2 in Fighting
  3057 | D:3      | Reached skill level 3 in Short Blades
  3057 | D:3      | Gained mutation: Spells you cast and wands you use may
                  | paralyse nearby enemies. [demonic ancestry]
  3057 | D:3      | Reached XP level 6. HP: 10/44 MP: 5/10
  3060 | D:3      | Became a worshipper of Dithmenos the Shadowed
  3224 | D:3      | You pick up a book of Air and begin reading...
  3224 | D:3      | You add the spells Shock, Swiftness and Airstrike to your
                  | library.
  3395 | D:3      | Learned a level 3 spell: Tukima's Dance
  3413 | D:4      | Found a staircase to the Ecumenical Temple.
  3424 | Temple   | Entered the Ecumenical Temple
  3631 | D:4      | Noticed Duvessa
  3653 | D:4      | HP: 7/44 [Duvessa/+0 short sword (7)]
  3658 | D:4      | Slain by Duvessa

Vanquished Creatures
  Grinder (D:3)
  2 scorpions
  Terence (D:3)
  4 adders
  2 worms
  2 dart slugs (D:2)
  5 orcs
  8 ball pythons
  7 endoplasms
  4 giant cockroaches
  9 goblins
  5 hobgoblins
  3 quokkas
  4 bats
  4 frilled lizards
  A kobold (D:3)
  6 rats
68 creatures vanquished.

Table legend:
 A = Non-vault XP
 B = Vault XP
 C = Vault XP percentage of total XP
 D = Non-vault monster count
 E = Vault monster count
 F = Vault count percentage of total count
                 A         B        C        D         E       F
            +---------+---------+-------+---------+---------+-------
      Total |     336 |     309 |  47.9 |      65 |       3 |   4.4
            +---------+---------+-------+---------+---------+-------
        D:1 |      51 |       0 |   0.0 |      30 |       0 |   0.0
        D:2 |      74 |       0 |   0.0 |      18 |       0 |   0.0
        D:3 |     120 |     309 |  72.0 |      12 |       3 |  20.0
        D:4 |      91 |       0 |   0.0 |       5 |       0 |   0.0
            +---------+---------+-------+---------+---------+-------

Skill      XL: |  1  2  3  4  5 |
---------------+----------------+-----
Short Blades   | 1 2 3 |  3.3
Dodging        | 2 |  2.8
Fighting       | 1 2 |  2.3
Stealth        | 3 |  3.6
Ice Magic      | 1 |  1.6
Spellcasting   | |  2.9
Hexes          | |  3.8

Action                     |  1- 3 |  4- 6 || total
---------------------------+-------+-------++-------
  Melee: Dagger            |   127 |    94 ||   221
         Punch             |     3 |       ||     3
   Cast: Ensorcelled Hiber |    12 |    13 ||    25
         Confusing Touch   |       |     2 ||     2
    Use: Scroll            |     3 |     3 ||     6
         Potion            |       |     3 ||     3
   Stab: Sleeping          |    13 |     8 ||    21
         Paralysed         |     4 |     7 ||    11
         Confused          |       |     2 ||     2
         Invisible         |       |     1 ||     1
 Armour: Robe              |    51 |    52 ||   103
  Dodge: Dodged            |    73 |    35 ||   108

Illustrated notes

Table legend:
 A = Kills in this place as a percentage of kills in the entire game.
 B = Kills by you in this place as a percentage of kills by you in the entire game.
 C = Kills by friends in this place as a percentage of kills by friends in the entire game.
 D = Other kills in this place as a percentage of other kills in the entire game.
 E = Experience gained in this place as a percentage of experience gained in the entire game.
 F = Experience gained in this place divided by the number of levels of this place that you have seen.
                   A       B       C       D       E      F
               +-------+-------+-------+-------+-------+----------------------
         Total | 100.0 | 100.0 |   N/A | 100.0 | 100.0 | 129.0
       Dungeon | 100.0 | 100.0 |   N/A | 100.0 | 100.0 | 161.2
               +-------+-------+-------+-------+-------+----------------------

Table legend: (Time is in decaauts)
 A = Elapsed time spent in this place.
 B = Non-inter-level travel time spent in this place.
 C = Inter-level travel time spent in this place.
 D = Time resting spent in this place.
 E = Time spent auto-exploring this place.
 F = Levels seen in this place.
 G = Mean time per level.
                   A        B        C        D        E       F      G
               +--------+--------+--------+--------+--------+-----+--------+
         Total |   3638 |   3466 |    172 |    153 |   2746 |   5 |  727.6 |
       Dungeon |   3636 |   3465 |    171 |    153 |   2746 |   4 |  909.0 |
        Temple |      1 |      0 |      1 |      0 |      0 |   1 |    1.0 |
               +--------+--------+--------+--------+--------+-----+--------+

Top non-repeatable levels by time:
     D:1: 1191 daAuts
     D:2: 1161 daAuts
     D:3: 1039 daAuts
     D:4: 244 daAuts
  Temple: 1 daAuts
